[Event "Titled Tuesday Blitz April 12 Early 2022"]
[White "Garagulya, Konstantin"]
[Black "Narayanan, Srinath"]
[WhiteFideId "4128931"]
[BlackFideId "5018420"]
[WhiteElo "2329"]
[BlackElo "2472"]
[Result "0-1"]
[Round "02"]
[TimeControl "180+1"]
[Date "2022.04.13"]
[WhiteClock "0:00:15"]
[BlackClock "0:00:16"]

1. d4 Nf6 2. Nf3 d5 3. c4 e6 4. Bg5 Bb4+ 5. Nbd2 O-O 6. e3 h6 7. Bh4 b6 8. cxd5 exd5 9. a3 Bd6 10. Rc1 c5 11. Be2 Nc6 12. O-O Re8 13. dxc5 bxc5 14. b4 c4 15. Nb3 Bd7 16. Nbd4 Nxd4 17. Nxd4 a5 18. Bf3 axb4 19. axb4 g5 20. Bg3 Bxb4 21. Nc2 Bf8 22. Bxd5 Nxd5 23. Qxd5 Be6 24. Qxd8 Rexd8 25. Nd4 Rac8 26. Nxe6 fxe6 27. Be5 Rd2 28. Bc3 Rd3 29. g4 Bg7 30. Bxg7 Kxg7 31. Rc2 Rd5 32. Rc3 Kf6 33. Rfc1 Rdc5 34. f4 gxf4 35. exf4 e5 36. fxe5+ Kxe5 37. Kg2 Kd4 38. h4 Rb8 39. Rg3 Rb2+ 40. Kh3 Rb3 41. Rd1+ Rd3 42. Rc1 c3 43. Rc2 Rxg3+ 44. Kxg3 Kd3 45. Rc1 Kd2 46. Rg1 c2 47. Rg2+ Ke3 48. Rg1 c1=Q 0-1


[Site "https://www.chess.com"]

[Event "Titled Tuesday Blitz April 12 Early 2022"]
[White "Gatterer, Florian"]
[Black "Artemenko, Oleg"]
[WhiteFideId "811688"]
[BlackFideId "14201798"]
[WhiteElo "2218"]
[BlackElo "2287"]
[Result "0-1"]
[Round "02"]
[TimeControl "180+1"]
[Date "2022.04.13"]
[WhiteClock "0:00:01"]
[BlackClock "0:00:24"]

1. Nf3 e6 2. c4 Nf6 3. Nc3 c5 4. e3 d5 5. d4 Nc6 6. a3 a6 7. dxc5 Bxc5 8. b4 Ba7 9. Bb2 O-O 10. cxd5 exd5 11. Be2 d4 12. exd4 Nxd4 13. Nxd4 Bxd4 14. O-O Bf5 15. Bf3 Rc8 16. Na4 Bxb2 17. Nxb2 Qb6 18. Na4 Qb5 19. Nc5 b6 20. Be2 Qc6 21. Bf3 Qc7 22. Nxa6 Qc3 23. Bb7 Rcd8 24. Qc1 Qe5 25. Re1 Qd6 26. h3 Rd7 27. Bf3 Bd3 28. Rd1 Qe5 29. Re1 Qf5 30. Be2 Bxe2 31. Rxe2 Nd5 32. Qc6 Nf4 33. Re4 Rd2 34. Rf1 h5 35. Qc4 g5 36. Nc7 Rc8 37. a4 Rd7 38. Re8+ Rxe8 39. Nxe8 Ne6 40. Qc8 Rd8 41. Qc6 Nd4 42. Nd6 Qe6 43. Qe4 Qxd6 44. h4 g4 0-1


[Site "https://www.chess.com"]

[Event "Titled Tuesday Blitz April 12 Early 2022"]
[White "Goryachkina, Aleksandra"]
[Black "Vokhidov, Shamsiddin"]
[WhiteFideId "4147103"]
[BlackFideId "14204223"]
[WhiteElo "2426"]
[BlackElo "2611"]
[Result "0-1"]
[Round "02"]
[TimeControl "180+1"]
[Date "2022.04.12"]
[WhiteClock "0:00:03"]
[BlackClock "0:00:03"]

1. e4 c5 2. Nf3 d6 3. Bb5+ Nd7 4. Ba4 Nf6 5. O-O e6 6. Re1 a6 7. c4 Qc7 8. Nc3 Be7 9. d3 O-O 10. h3 b6 11. Be3 Bb7 12. Rc1 Rac8 13. a3 Rfd8 14. b4 Qb8 15. bxc5 dxc5 16. Qc2 h6 17. Rb1 Qc7 18. Ne2 Nf8 19. Bf4 Bd6 20. e5 Bxf3 21. exd6 Qb7 22. gxf3 Qxf3 23. Rxb6 Ng6 24. Bg3 Nh5 25. Qd2 Nxg3 26. fxg3 Ne5 27. Rf1 Qa8 28. Qe3 f6 29. Nf4 Qa7 30. Rfb1 Rb8 31. Rxb8 Rxb8 32. Rxb8+ Qxb8 33. d7 Kf7 34. Qe2 Ke7 35. Qf2 Qd6 36. Qe3 g5 37. Ne2 Nxd3 38. Nc3 f5 39. Kf1 Ne5 40. Qe2 Qd4 41. Nd1 Nxc4 42. Nf2 Ne3+ 43. Kg1 Nd5 44. Bb3 Kxd7 45. Bxd5 Qxd5 46. Qxa6 c4 47. Qa7+ Kd6 48. Qb6+ Ke5 49. Qe3+ Kf6 50. a4 Kg6 51. Qc3 Qc5 52. a5 Qb5 53. Qa3 Qa6 54. Nd1 Qa7+ 55. Kf1 Qd4 56. Nc3 Qd3+ 57. Ke1 Qxg3+ 58. Kd2 f4 59. a6 Qe3+ 60. Kc2 Qd3+ 61. Kc1 f3 0-1


[Site "https://www.chess.com"]

[Event "Titled Tuesday Blitz April 12 Early 2022"]
[White "Gracia Alvarez, Gerardo Antonio"]
[Black "De Arruda, Leandro Formes"]
[WhiteFideId "5109124"]
[BlackFideId "22722009"]
[WhiteElo "2139"]
[BlackElo "1852"]
[Result "0-1"]
[Round "02"]
[TimeControl "180+1"]
[Date "2022.04.13"]
[WhiteClock "0:01:15"]
[BlackClock "0:01:44"]

1. d4 d5 2. c4 e6 3. Nc3 Nf6 4. Nf3 c6 5. e3 Bd6 6. Qc2 Nbd7 7. Bd3 O-O 8. O-O Re8 9. e4 e5 10. exd5 cxd5 11. Nxd5 e4 12. Be2 exf3 13. Bxf3 Nxd5 14. Bxd5 Nf6 15. Bf3 Bg4 16. Bxb7 Rb8 17. Bc6 Re2 18. Qd3 Qc7 19. d5 Bxh2+ 20. Kh1 Re5 21. f4 Rh5 22. g3 Bxg3+ 23. Kg2 Rh2+ 24. Kxg3 Rh3+ 0-1


[Site "https://www.chess.com"]

[Event "Titled Tuesday Blitz April 12 Early 2022"]
[White "Grandelius, Nils"]
[Black "Riehle, Marco"]
[WhiteFideId "1710400"]
[BlackFideId "12904392"]
[WhiteElo "2617"]
[BlackElo "2462"]
[Result "1-0"]
[Round "02"]
[TimeControl "180+1"]
[Date "2022.04.13"]
[WhiteClock "0:00:52"]
[BlackClock "0:01:51"]

1. d4 d5 2. c4 e6 3. Bf4 Bd6 4. Bg3 Nf6 5. e3 O-O 6. Nc3 b6 7. cxd5 exd5 8. Bd3 c5 9. Nge2 c4 10. Bc2 a6 11. Bh4 Bb7 12. f3 b5 13. a3 Nbd7 14. e4 dxe4 15. fxe4 Be7 16. Bg3 Re8 17. O-O Qb6 18. Kh1 Rad8 19. e5 Nd5 20. Nxd5 Bxd5 21. Nc3 Bb7 22. Rxf7 Kxf7 23. Qh5+ Kf8 24. Rf1+ Nf6 25. Qxh7 Qxd4 26. Bg6 Bc5 27. Rxf6+ 1-0


[Site "https://www.chess.com"]

[Event "Titled Tuesday Blitz April 12 Early 2022"]
[White "Gu, Xiaobing"]
[Black "Migot, Tangi"]
[WhiteFideId "8602611"]
[BlackFideId "662445"]
[WhiteElo "2174"]
[BlackElo "2514"]
[Result "0-1"]
[Round "02"]
[TimeControl "180+1"]
[Date "2022.04.13"]
[WhiteClock "0:00:36"]
[BlackClock "0:00:33"]

1. e4 g6 2. d4 Bg7 3. Nc3 c5 4. Be3 Nc6 5. d5 Nd4 6. Nf3 Nxf3+ 7. Qxf3 d6 8. Bb5+ Bd7 9. Bxd7+ Qxd7 10. O-O b5 11. a3 Nf6 12. Rad1 Ng4 13. Qe2 Nxe3 14. Qxe3 O-O 15. Kh1 b4 16. axb4 cxb4 17. Ne2 Rfc8 18. Rd2 Bxb2 19. Qb3 Bc3 20. Nxc3 bxc3 21. Rd3 Qc7 22. f4 Qc4 23. Qxc4 Rxc4 24. e5 a5 25. g3 a4 26. Ra1 a3 27. Ra2 Kf8 28. Kg2 Ke8 29. Kf3 Kd7 30. Ke3 Raa4 31. Rd1 dxe5 32. fxe5 Re4+ 33. Kf3 Rxe5 34. Rd3 Kd6 35. Rxc3 Rxd5 36. Rcxa3 Rxa3+ 37. Rxa3 Rd2 38. c4 Rxh2 39. Ke4 f5+ 40. Kd4 e5+ 41. Kc3 e4 42. Ra6+ Kc5 43. Ra5+ Kb6 44. Re5 Rg2 45. Re6+ Kc5 46. Re5+ Kd6 47. Rd5+ Kc6 48. Kd4 Rd2+ 49. Ke5 Rxd5+ 50. cxd5+ Kd7 51. Kf6 e3 0-1


[Site "https://www.chess.com"]

[Event "Titled Tuesday Blitz April 12 Early 2022"]
[White "Dronavalli, Harika"]
[Black "Jobava, Baadur"]
[WhiteFideId "5015197"]
[BlackFideId "13601520"]
[WhiteElo "2382"]
[BlackElo "2617"]
[Result "0-1"]
[Round "02"]
[TimeControl "180+1"]
[Date "2022.04.12"]
[WhiteClock "0:00:17"]
[BlackClock "0:00:25"]

1. e4 e6 2. d4 d5 3. Nd2 dxe4 4. Nxe4 Bd7 5. Nf3 Bc6 6. Bd3 Nd7 7. Qe2 Ngf6 8. O-O Nxe4 9. Bxe4 Bxe4 10. Qxe4 c6 11. c4 Be7 12. Bf4 O-O 13. Rad1 a5 14. Rfe1 a4 15. Be5 Re8 16. d5 exd5 17. cxd5 Nxe5 18. Nxe5 Bd6 19. dxc6 Rxe5 20. Qxe5 Bxe5 21. Rxd8+ Rxd8 22. cxb7 f6 23. Rc1 Kf7 24. f4 Bxf4 25. Rc4 Be5 26. Rxa4 Rd1+ 27. Kf2 Rd2+ 28. Kf3 Rxb2 29. Ra7 Kg6 30. a4 Bb8 31. Ra8 Rxb7 32. g3 f5 33. a5 Rb3+ 34. Kg2 f4 35. gxf4 Bxf4 36. a6 Ra3 37. Rf8 Be3 38. Rf3 Ra2+ 39. Kh3 Ba7 40. Rg3+ Kh6 0-1


[Site "https://www.chess.com"]

[Event "Titled Tuesday Blitz April 12 Early 2022"]
[White "Hernandez Jimenez, Alexander Andres"]
[Black "Wagh Suyog"]
[WhiteFideId "3900452"]
[BlackFideId "25071688"]
[WhiteElo "2098"]
[BlackElo "2181"]
[Result "0-1"]
[Round "02"]
[TimeControl "180+1"]
[Date "2022.04.13"]
[WhiteClock "0:02:07"]
[BlackClock "0:02:08"]

1. e4 c5 2. Nf3 Nc6 3. d4 cxd4 4. Nxd4 Nf6 5. Nc3 d6 6. g3 g6 7. Bg2 Bg7 8. Nb3 O-O 9. O-O Bg4 10. f3 Be6 11. Be3 d5 12. exd5 Nxd5 13. Nxd5 Bxd5 14. c3 Ne5 15. Bd4 Bc4 16. Rf2 Nc6 17. Bxg7 Kxg7 18. Rd2 Qb6+ 19. Nd4 e5 0-1


[Site "https://www.chess.com"]

[Event "Titled Tuesday Blitz April 12 Early 2022"]
[White "Hnydiuk, Aleksander"]
[Black "Pakleza, Zbigniew"]
[WhiteFideId "1109057"]
[BlackFideId "1119290"]
[WhiteElo "2374"]
[BlackElo "2467"]
[Result "0-1"]
[Round "02"]
[TimeControl "180+1"]
[Date "2022.04.13"]
[WhiteClock "0:00:24"]
[BlackClock "0:00:53"]

1. Nf3 d5 2. d4 c6 3. c4 Nf6 4. cxd5 cxd5 5. Nc3 Nc6 6. Bf4 Qb6 7. e3 Qxb2 8. Rc1 Bf5 9. Be2 e6 10. O-O Ba3 11. Qa4 Qb4 12. Qxb4 Nxb4 13. Nb5 Bxc1 14. Rxc1 O-O 15. Bd6 Nxa2 16. Ra1 Rfc8 17. Rxa2 Rc1+ 18. Bf1 Bd3 19. Nd2 Bxb5 0-1


[Site "https://www.chess.com"]

[Event "Titled Tuesday Blitz April 12 Early 2022"]
[White "Hoang, Thi Bao Tram"]
[Black "Pichot, Alan"]
[WhiteFideId "12401102"]
[BlackFideId "110973"]
[WhiteElo "2125"]
[BlackElo "2579"]
[Result "0-1"]
[Round "02"]
[TimeControl "180+1"]
[Date "2022.04.13"]
[WhiteClock "0:00:34"]
[BlackClock "0:00:42"]

1. Nf3 Nf6 2. g3 d5 3. Bg2 c6 4. O-O Bf5 5. c4 e6 6. cxd5 cxd5 7. Qb3 Qb6 8. Qxb6 axb6 9. d3 Nc6 10. Nc3 Bc5 11. Bd2 O-O 12. Rac1 Nd4 13. Nxd4 Bxd4 14. a3 Rfc8 15. Rfd1 h6 16. Be1 Bg4 17. Rc2 Bxc3 18. bxc3 Rxa3 19. Rb1 Nd7 20. h3 Bh5 21. e4 d4 22. Rbc1 dxc3 23. Bxc3 Bd1 24. Rxd1 Raxc3 25. Rb2 Rc1 26. Rxc1 Rxc1+ 27. Kh2 e5 28. f4 f6 29. Bf3 Rc6 30. Be2 Kf8 31. Kg2 Ke7 32. Kf3 Kd6 33. Ke3 Kc7 34. Bd1 Rc3 35. Kd2 Ra3 36. Bb3 Nc5 37. Bc4 g5 38. fxe5 fxe5 39. Ke3 Ra1 40. Rf2 Rg1 41. Rf7+ Kb8 42. Kf2 Rh1 43. Re7 Rh2+ 44. Kf3 Rxh3 45. Rxe5 Kc7 46. d4 Nd7 47. Re7 Kd8 48. Rg7 Nf6 49. e5 Rxg3+ 50. Ke2 Nh5 51. e6 Nxg7 0-1


[Site "https://www.chess.com"]

[Event "Titled Tuesday Blitz April 12 Early 2022"]
[White "Horcajuelo Rocamora, Martin"]
[Black "Coto Mederos, Michel"]
[WhiteFideId "24573027"]
[BlackFideId "3508528"]
[WhiteElo "1822"]
[BlackElo "2427"]
[Result "0-1"]
[Round "02"]
[TimeControl "180+1"]
[Date "2022.04.13"]
[WhiteClock "0:00:32"]
[BlackClock "0:00:16"]

1. e4 e5 2. Nf3 Nc6 3. Bb5 a6 4. Ba4 Nf6 5. d4 exd4 6. O-O Be7 7. e5 Ne4 8. Nxd4 O-O 9. Nxc6 dxc6 10. c3 Bf5 11. Qe2 Bc5 12. Bc2 Qh4 13. g3 Nxg3 14. hxg3 Qxg3+ 15. Kh1 Qh3+ 16. Kg1 Bg4 17. Qd3 Bf3 18. Qxh7+ Qxh7 19. Bxh7+ Kxh7 20. Nd2 Bh5 21. Ne4 Bb6 22. Kg2 Bg6 23. Ng5+ Kg8 24. f4 Bf5 25. Bd2 f6 26. Nf3 Rad8 27. Be1 Kf7 28. Bh4 Rh8 29. exf6 gxf6 30. Rad1 Be4 31. Rxd8 Rxd8 32. Be1 Rd3 33. Kg3 Ke6 34. Kg4 f5+ 35. Kg3 Ba7 36. Kg2 b5 37. Kg3 Re3 38. Bd2 Rd3 39. Be1 a5 40. Kg2 Re3 41. Kg3 Bxf3 42. Bf2 Rd3 43. Re1+ Be4+ 44. Kh4 Bxf2+ 0-1


[Site "https://www.chess.com"]

[Event "Titled Tuesday Blitz April 12 Early 2022"]
[White "Ianov, Viktor"]
[Black "Mekhane, Adam"]
[WhiteFideId "14102730"]
[BlackFideId "36050601"]
[WhiteElo "2161"]
[BlackElo "2002"]
[Result "1-0"]
[Round "02"]
[TimeControl "180+1"]
[Date "2022.04.13"]
[WhiteClock "0:01:26"]
[BlackClock "0:00:01"]

1. Nf3 Nf6 2. g3 g6 3. b3 Bg7 4. Bb2 O-O 5. Bg2 d6 6. d4 Nbd7 7. O-O Qe8 8. Nbd2 d5 9. c4 c6 10. Rc1 Qd8 11. Re1 Re8 12. e4 dxe4 13. Nxe4 Nxe4 14. Rxe4 Nf6 15. Re2 Bf5 16. Ne5 Nd7 17. Nd3 Bxd3 18. Qxd3 e5 19. d5 Nc5 20. Qc2 cxd5 21. Bxd5 Rc8 22. Rce1 Qc7 23. f4 e4 24. Bxg7 Kxg7 25. Bxe4 Nxe4 26. Rxe4 Qc5+ 27. Kf1 Rxe4 28. Qxe4 Rd8 29. Qe5+ Qxe5 30. Rxe5 Rd2 31. Re2 Rd1+ 32. Kf2 Rd7 33. Ke3 h5 34. Rd2 Re7+ 35. Kd4 Kf6 36. b4 h4 37. c5 hxg3 38. hxg3 a6 39. a4 Kf5 40. b5 axb5 41. axb5 Re4+ 42. Kd5 Rb4 43. b6 Kg4 44. Rd3 g5 45. fxg5 Kxg5 46. Kd6 Re4 47. Kc7 Re7+ 48. Kb8 f5 49. c6 bxc6 50. b7 Re8+ 51. Kc7 Re7+ 52. Kxc6 Kg4 53. b8=Q Re6+ 54. Kd5 1-0


[Site "https://www.chess.com"]

[Event "Titled Tuesday Blitz April 12 Early 2022"]
[White "Indjic, Aleksandar"]
[Black "Khripachenko, Alexander"]
[WhiteFideId "911925"]
[BlackFideId "54184975"]
[WhiteElo "2616"]
[BlackElo "2193"]
[Result "1-0"]
[Round "02"]
[TimeControl "180+1"]
[Date "2022.04.12"]
[WhiteClock "0:00:45"]
[BlackClock "0:00:13"]

1. e4 c6 2. Nf3 d5 3. d3 Bg4 4. h3 Bxf3 5. Qxf3 g6 6. g3 Bg7 7. Bg2 e6 8. O-O Nd7 9. Nd2 Ne7 10. Qe2 O-O 11. f4 a5 12. Nf3 dxe4 13. dxe4 e5 14. a4 exf4 15. gxf4 Qb6+ 16. Kh1 Rfe8 17. c3 Nf5 18. Kh2 Nc5 19. e5 Ne6 20. h4 Bh6 21. Qe4 Nc5 22. Qc4 Nb3 23. Bh3 Nxa1 24. Bxf5 Qb3 25. Bd3 Rad8 26. h5 Qxc4 27. Bxc4 Kg7 28. hxg6 hxg6 29. f5 Nc2 30. f6+ Kh7 31. Bxh6 Kxh6 32. Kg3 Kh7 33. Bxf7 1-0


[Site "https://www.chess.com"]

[Event "Titled Tuesday Blitz April 12 Early 2022"]
[White "Izoria, Zviad"]
[Black "Manukyan, Artyom"]
[WhiteFideId "13601733"]
[BlackFideId "13305786"]
[WhiteElo "2626"]
[BlackElo "2034"]
[Result "0-1"]
[Round "02"]
[TimeControl "180+1"]
[Date "2022.04.13"]
[WhiteClock "0:00:02"]
[BlackClock "0:00:07"]

1. Nf3 d5 2. d4 Nf6 3. c4 e6 4. g3 Be7 5. Bg2 O-O 6. Qc2 c5 7. dxc5 Qa5+ 8. Nc3 dxc4 9. O-O Qxc5 10. Bg5 Nc6 11. Bxf6 gxf6 12. Rfd1 f5 13. e4 Bf6 14. exf5 Qxf5 15. Ne4 Bg7 16. Qxc4 Bxb2 17. Rab1 Bg7 18. Nd6 Qh5 19. Rb5 Ne5 20. Qe2 Nxf3+ 21. Bxf3 Qg6 22. Rc5 e5 23. Be4 Qg4 24. f3 Qh5 25. g4 Qg5 26. Bf5 Be6 27. Bxe6 fxe6 28. Ne4 Qf4 29. Kg2 Rf7 30. Rc4 Raf8 31. Rd3 h5 32. Nd6 Qg5 33. Nxf7 Rxf7 34. Rc8+ Kh7 35. Qe4+ Kh6 36. Rdd8 hxg4 37. Rh8+ Bxh8 38. Rxh8+ Kg7 39. Rh7+ Kg8 40. Rxf7 Kxf7 41. fxg4 Qd2+ 42. Kg3 Qxa2 0-1


[Site "https://www.chess.com"]

[Event "Titled Tuesday Blitz April 12 Early 2022"]
[White "Jakubowska, Anna"]
[Black "Barria Zuniga, Daniel"]
[WhiteFideId "1121952"]
[BlackFideId "3400816"]
[WhiteElo "1924"]
[BlackElo "2414"]
[Result "0-1"]
[Round "02"]
[TimeControl "180+1"]
[Date "2022.04.13"]
[WhiteClock "0:02:07"]
[BlackClock "0:01:29"]

1. e4 g6 2. d4 Bg7 3. Nc3 c5 4. Be3 Qa5 5. Qd2 Nf6 6. f3 d6 7. dxc5 dxc5 8. Bb5+ Nc6 9. Bxc5 O-O 10. a3 Rd8 11. Qf2 Nxe4 12. fxe4 Bxc3+ 13. bxc3 Qxc3+ 14. Kf1 Qxa1+ 15. Ke2 Bg4+ 16. Ke3 Qc1+ 0-1


[Site "https://www.chess.com"]

[Event "Titled Tuesday Blitz April 12 Early 2022"]
[White "Jaskolka, Tomasz"]
[Black "Mekhitarian, Krikor Sevag"]
[WhiteFideId "1170791"]
[BlackFideId "2107660"]
[WhiteElo "2073"]
[BlackElo "2598"]
[Result "0-1"]
[Round "02"]
[TimeControl "180+1"]
[Date "2022.04.13"]
[WhiteClock "0:00:13"]
[BlackClock "0:00:05"]

1. d4 Nf6 2. Bf4 c5 3. c3 g6 4. e3 Bg7 5. Nd2 d6 6. Ngf3 O-O 7. Be2 Nh5 8. Bg5 h6 9. Bh4 g5 10. Bg3 Nd7 11. Bd3 Ndf6 12. Qe2 Qc7 13. Ne4 Nxe4 14. Bxe4 Nf6 15. Bc2 Rb8 16. h4 g4 17. Nh2 b5 18. f3 b4 19. Nxg4 Nxg4 20. fxg4 bxc3 21. bxc3 Qa5 22. Qd3 f5 23. O-O Ba6 24. c4 cxd4 25. gxf5 Bf6 26. exd4 Rb2 27. Bb3 Rd2 28. Qf3 Rxd4 29. Kh2 Kh7 30. Rae1 Rg8 31. c5 Rxg3 32. Kxg3 Rxh4 33. cxd6 exd6 34. Re6 Qd8 35. Qd5 Be5+ 36. Rxe5 Qg5+ 37. Kf2 dxe5 38. Qf7+ Qg7 39. Qxg7+ Kxg7 40. Kg3 Bxf1 41. Kxh4 Bxg2 42. Kg4 Kf6 43. Bc2 Bd5 44. a3 a5 45. Bb1 Bf7 46. Bc2 Be8 47. Bb1 Bb5 48. Bc2 Bc4 49. Bb1 Bd5 50. Bc2 Bc6 51. Bb1 Be8 52. Bc2 h5+ 53. Kh4 Bd7 54. Kxh5 Bxf5 55. Bb3 e4 56. Kh4 Ke5 57. Kg3 Kd4 58. Kf2 Kc3 59. Bd5 Kb2 60. a4 Bd7 61. Bxe4 Bxa4 62. Ke3 Kc3 63. Bd5 Bb5 64. Be6 a4 65. Kf2 a3 66. Ke1 Bc4 67. Bxc4 Kxc4 68. Kd2 a2 69. Kc2 a1=Q 70. Kd2 Qc3+ 71. Kd1 Qb2 72. Ke1 Kd3 73. Kd1 Qd2# 0-1


[Site "https://www.chess.com"]

[Event "Titled Tuesday Blitz April 12 Early 2022"]
[White "Jeet, Jain"]
[Black "Skuhala, Barbara"]
[WhiteFideId "5073022"]
[BlackFideId "14605465"]
[WhiteElo "2085"]
[BlackElo "2155"]
[Result "1/2-1/2"]
[Round "02"]
[TimeControl "180+1"]
[Date "2022.04.13"]
[WhiteClock "0:01:18"]
[BlackClock "0:02:16"]

1. d4 Nf6 2. Bf4 e6 3. Nf3 d5 4. e3 Bd6 5. Bg3 O-O 6. Nbd2 b6 7. Bd3 c5 8. c3 Ba6 9. Bxa6 Nxa6 10. Ne5 Nb8 11. f4 Qe7 12. Bh4 Qd8 13. Qf3 Be7 14. g4 Nfd7 15. Bxe7 Qxe7 16. h4 Nc6 17. h5 Ndxe5 18. dxe5 f6 19. exf6 Qxf6 20. O-O Rad8 21. e4 d4 22. e5 Qh6 23. Qxc6 dxc3 24. Nc4 Rxf4 25. Rxf4 Qxf4 26. Qxe6+ Kh8 27. Nd6 Qg3+ 28. Kf1 Qf3+ 29. Kg1 Rf8 30. bxc3 Qg3+ 31. Kh1 Qh3+ 32. Kg1 Qg3+ 33. Kh1 Qf3+ 34. Kg1 Qg3+ 1/2-1/2


[Site "https://www.chess.com"]

[Event "Titled Tuesday Blitz April 12 Early 2022"]
[White "Johnson, Ben"]
[Black "Paravyan, David"]
[WhiteFideId "2010917"]
[BlackFideId "4194985"]
[WhiteElo "2122"]
[BlackElo "2569"]
[Result "0-1"]
[Round "02"]
[TimeControl "180+1"]
[Date "2022.04.13"]
[WhiteClock "0:00:02"]
[BlackClock "0:00:58"]

1. Nf3 Nf6 2. c4 c5 3. g3 d5 4. cxd5 Nxd5 5. Nc3 Nc6 6. Bg2 Nxc3 7. bxc3 e5 8. O-O Be7 9. d3 O-O 10. Be3 Bd7 11. Rb1 b6 12. Nd2 Rc8 13. a4 Na5 14. Qc2 Be6 15. c4 Nc6 16. Nb3 Nb4 17. Qd2 a5 18. Rfd1 Qd7 19. Ra1 f5 20. Bg5 Bd6 21. Qb2 f4 22. gxf4 exf4 23. Be4 Bf5 24. Kh1 Rce8 25. f3 Bxe4 26. dxe4 Qe6 27. Rg1 Be5 28. Qd2 Bxa1 29. Nxa1 Kh8 30. Qc3 Qe5 31. Qd2 h6 32. Bh4 Qd4 33. Qe1 Qxc4 34. Qf2 Qf7 35. Qg2 Rg8 36. Be1 Nc6 37. Nc2 g5 38. Bc3+ Kh7 39. Qh3 Qe6 40. Qh5 Re7 41. Ne1 Nd4 42. Nd3 Nxe2 0-1


[Site "https://www.chess.com"]

[Event "Titled Tuesday Blitz April 12 Early 2022"]
[White "Kadam, Om Manish"]
[Black "Rudzinska, Michalina"]
[WhiteFideId "45076294"]
[BlackFideId "1172883"]
[WhiteElo "1729"]
[BlackElo "1904"]
[Result "1-0"]
[Round "02"]
[TimeControl "180+1"]
[Date "2022.04.13"]
[WhiteClock "0:00:02"]
[BlackClock "0:00:02"]

1. e4 c5 2. Nf3 d6 3. d4 cxd4 4. Nxd4 Nf6 5. Nc3 a6 6. g3 e6 7. Bg2 Be7 8. a4 O-O 9. O-O Nbd7 10. h3 Qc7 11. g4 Rb8 12. a5 Ne5 13. f4 Nc4 14. g5 Nd7 15. f5 Qc5 16. Kh1 Nde5 17. f6 Bd8 18. Nb3 Qc7 19. Qh5 Ng6 20. Nd4 Qc5 21. Nde2 gxf6 22. Qh6 fxg5 23. Ng3 f6 24. Nh5 Rf7 25. e5 d5 26. exf6 Qf8 27. Qxg5 Nd6 28. Ra4 Ne8 29. Rg4 Nxf6 30. Nxf6+ Bxf6 31. Rxf6 Rxf6 32. h4 e5 33. Nxd5 Rf1+ 34. Kh2 Bxg4 35. h5 Bxh5 36. Be3 Rf5 37. Qg3 Rd8 38. Be4 Rf6 39. Nxf6+ Qxf6 40. Bg5 Qd6 41. Qb3+ Kh8 42. Qxb7 Qd7 43. Qb6 Rf8 44. Bf6+ Kg8 45. Bd3 Bg4 46. Bc4+ 1-0


[Site "https://www.chess.com"]

[Event "Titled Tuesday Blitz April 12 Early 2022"]
[White "Kakulidis, Ellen"]
[Black "Devaev, Alexander"]
[WhiteFideId "1444972"]
[BlackFideId "4169395"]
[WhiteElo "1852"]
[BlackElo "2185"]
[Result "1-0"]
[Round "02"]
[TimeControl "180+1"]
[Date "2022.04.13"]
[WhiteClock "0:01:42"]
[BlackClock "0:01:41"]

1. Nf3 Nf6 2. g3 c5 3. c4 Nc6 4. Bg2 e6 5. O-O Be7 6. e3 O-O 7. d4 cxd4 8. exd4 d5 9. cxd5 Nxd5 10. Nc3 Nb6 11. Bf4 Bf6 12. Ne5 Nxd4 13. Ne4 Bxe5 14. Bxe5 Nc6 15. Bd6 Re8 16. Qh5 Nd5 17. Ng5 Qxd6 18. Qxf7+ Kh8 19. Qxe8+ 1-0


[Site "https://www.chess.com"]

[Event "Titled Tuesday Blitz April 12 Early 2022"]
[White "Kalavannan, Koby"]
[Black "Tari, Aryan"]
[WhiteFideId "425753"]
[BlackFideId "1510045"]
[WhiteElo "1927"]
[BlackElo "2567"]
[Result "0-1"]
[Round "02"]
[TimeControl "180+1"]
[Date "2022.04.12"]
[WhiteClock "0:00:01"]
[BlackClock "0:00:29"]

1. d4 d5 2. Nf3 Nf6 3. c4 e6 4. g3 Bd6 5. Bg2 O-O 6. Qc2 h6 7. O-O Nc6 8. a3 Ne4 9. c5 Be7 10. b4 Bf6 11. Bb2 Re8 12. b5 Na5 13. Nbd2 Nxd2 14. Nxd2 b6 15. f4 a6 16. a4 c6 17. bxc6 Nxc6 18. Nf3 bxc5 19. Qxc5 Bd7 20. Ne5 Nxe5 21. fxe5 Rc8 22. Qa3 Be7 23. Qd3 Qb6 24. Bc1 Rc4 25. Be3 Rxa4 26. Rxa4 Bxa4 27. Bf2 Rc8 28. Qf3 Bc2 29. Be3 Bg6 30. Qg4 Rc3 31. Bf2 Bf5 32. Qh5 Bg6 33. Qg4 a5 34. e4 dxe4 35. Bxe4 Bxe4 36. Qxe4 Qc6 37. Qxc6 Rxc6 38. Ra1 Bb4 39. Be1 Bxe1 40. Rxe1 a4 41. Ra1 Rc4 42. Rd1 a3 43. Ra1 Ra4 44. Kf2 g5 45. Ke3 Kg7 46. Kd3 Kg6 47. Ra2 Kf5 48. h3 h5 49. Rf2+ Kg6 50. Ra2 Ra8 51. Kc3 Kf5 52. Kd3 h4 53. Rf2+ Kg6 54. Ra2 hxg3 55. Ke2 Rh8 56. Kf3 Rxh3 57. Rg2 Rh2 0-1


[Site "https://www.chess.com"]

[Event "Titled Tuesday Blitz April 12 Early 2022"]
[White "Kavyev, Ruslan"]
[Black "Manelyuk, Daniil"]
[WhiteFideId "34110981"]
[BlackFideId "44173920"]
[WhiteElo "2182"]
[BlackElo "2209"]
[Result "1-0"]
[Round "02"]
[TimeControl "180+1"]
[Date "2022.04.13"]
[WhiteClock "0:00:10"]
[BlackClock "0:00:06"]

1. d4 Nf6 2. c4 c5 3. d5 b5 4. cxb5 a6 5. bxa6 g6 6. Nc3 Bg7 7. e4 O-O 8. Be2 Qa5 9. Bd2 Bxa6 10. e5 Ne8 11. Nf3 d6 12. e6 fxe6 13. Ng5 Nc7 14. Nb5 Qb6 15. Nxc7 Qxc7 16. Nxe6 Qb7 17. Nxf8 Kxf8 18. Bc3 Bxc3+ 19. bxc3 Qb2 20. c4 Bxc4 21. Bxc4 Qc3+ 22. Ke2 Qxc4+ 23. Qd3 Qxd3+ 24. Kxd3 Ra3+ 25. Kc2 Na6 26. Kb2 Ra5 27. a3 Nc7 28. Rhd1 Nb5 29. a4 Nd4 30. Kc3 Kf7 31. Rxd4 cxd4+ 32. Kb4 Rxd5 33. a5 Rc5 34. a6 Rc8 35. a7 Ra8 36. Kb5 Ke6 37. Kb6 Kd5 38. Kb7 Rxa7+ 39. Kxa7 d3 40. Kb6 Kd4 41. Kc6 d5 42. Kd7 e5 43. Ke6 e4 44. Kd6 Kc4 45. Ke5 d2 46. h4 Kd3 47. Kxd5 e3 48. fxe3 Kxe3 49. Ke5 Kf2 50. g4 Ke2 51. Kf6 d1=Q 52. Rxd1 Kxd1 53. Kg7 Ke2 54. Kxh7 Kf3 55. Kxg6 Kxg4 56. h5 1-0


[Site "https://www.chess.com"]

[Event "Titled Tuesday Blitz April 12 Early 2022"]
[White "Kazakouski, Valery"]
[Black "Pajeken, Jakob Leon"]
[WhiteFideId "13507443"]
[BlackFideId "12942839"]
[WhiteElo "2524"]
[BlackElo "2351"]
[Result "1-0"]
[Round "02"]
[TimeControl "180+1"]
[Date "2022.04.12"]
[WhiteClock "0:00:29"]
[BlackClock "0:00:16"]

1. d4 d5 2. c4 dxc4 3. e4 Nf6 4. e5 Nd5 5. Bxc4 Bf5 6. Nc3 c6 7. Nge2 e6 8. h4 h5 9. Ng3 Bg6 10. Bg5 Be7 11. Bxe7 Qxe7 12. Be2 Nxc3 13. bxc3 Nd7 14. a4 Nb6 15. Bxh5 Bxh5 16. Nxh5 O-O-O 17. a5 Nd5 18. a6 b6 19. Qf3 Rh6 20. g3 Rdh8 21. Nf4 Nxf4 22. Qxf4 g5 23. Qf3 Qd7 24. h5 Qd5 25. Qxd5 exd5 26. g4 f6 27. O-O fxe5 28. dxe5 Kd7 29. f4 gxf4 30. Rxf4 R8h7 31. Raf1 Ke7 32. Kg2 c5 33. Kg3 b5 34. Rf6 d4 35. cxd4 cxd4 36. Rxh6 Rxh6 37. Rd1 Rxa6 38. Rxd4 Ke6 39. Kf4 Ra4 40. Ke4 Ra1 41. Rd6+ Ke7 42. h6 b4 43. h7 Rh1 44. Ra6 b3 45. Rxa7+ Ke6 46. Ra6+ Ke7 47. Rb6 b2 48. Rxb2 Rxh7 49. Rb7+ Ke6 50. Rb6+ Ke7 51. Kf5 Rf7+ 52. Rf6 Rh7 53. g5 Rh1 54. Kg6 Re1 55. e6 Re5 56. Kh6 Rd5 57. Rf2 Kxe6 58. g6 Rd3 59. g7 Rh3+ 60. Kg6 Rg3+ 61. Kh7 Rh3+ 62. Kg8 Rg3 63. Kf8 1-0


[Site "https://www.chess.com"]